 Dungeon Crawl Stone Soup version 0.27-a0-242-ge0fc76b88b (webtiles) character file.

Game seed: 8475868821424374153

39599 tsouns the Thaumaturge (level 13, -3/64 HPs)
             Began as a Spriggan Hedge Wizard on Feb 2, 2021.
             Was a High Priest of Ashenzari.
             Killed from afar by a steam dragon (16 damage)
             ... with a ball of steam
             ... on level 5 of the Lair of Beasts.
             The game lasted 01:16:58 (22463 turns).

tsouns the Thaumaturge (Spriggan Hedge Wizard)     Turns: 22463, Time: 01:16:59

Health: -3/64      AC:  7    Str:  7    XL:     13   Next: 70%
Magic:  14/32      EV: 31    Int: 25    God:    Ashenzari [*****.]
Gold:   940        SH: 15    Dex: 25    Spells: 12/40 levels left

rFire    . . .     SeeInvis +   J - +4 dagger (curse)
rCold    . . .     Faith    .   t - +0 buckler (curse)
rNeg     + + .     Spirit   .   m - +2 animal skin (curse)
rPois    +         Reflect  +   c - +1 hat
rElec    .         Harm     .   k - +1 cloak (curse)
rCorr    .         Rampage  .   (gloves unavailable)
Will     ++++.     Clarity  +   (boots unavailable)
Stlth    +++++.....             E - amulet "Xuifu" {Reflect rPois Will+ Str-5 Dex+9 SH+5} (curse)
HPRegen  0.20/turn              d - ring of poison resistance (curse)
MPRegen  0.23/turn              a - ring of Twilight {rN++ Will+ Str+6 Int+5} (curse)

@: hasted, very quick
A: very small, unfitting armour, see invisible, speed 3
a: Renounce Religion, Curse Item, Scrying, Transfer Knowledge


You were on level 5 of the Lair of Beasts.
You worshipped Ashenzari.
Ashenzari was extremely pleased with you.
You visited 2 branches of the dungeon, and saw 15 of its levels.
You also visited: Sewer and Volcano.

You collected 940 gold pieces.

Inventory:

Hand Weapons
 J - a cursed +4 dagger (weapon)
 K - a +1 dagger of venom
 N - a +4 scimitar of flaming
 O - a +4 quick blade of flaming
Missiles
 q - 4 throwing nets
 y - 65 poisoned darts (quivered)
 I - 2 curare-tipped darts
Armour
 c - a +1 hat (worn)
 k - a cursed +1 cloak (worn)
 m - a cursed +2 animal skin (worn)
 t - a cursed +0 buckler (worn)
 F - a +2 robe of fire resistance
 P - a +2 cloak
Jewellery
 a - a cursed ring of Twilight (right hand) {rN++ Will+ Str+6 Int+5}
   (You found it on level 10 of the Dungeon)

   [ring of strength]

   It affects your strength (+6).
   It affects your intelligence (+5).
   It greatly protects you from negative energy.
   It affects your willpower, your defense against some magical effects.
   It has a curse placed upon it.
 d - a cursed ring of poison resistance (left hand)
 s - an uncursed ring of ice
 E - the cursed amulet "Xuifu" (around neck) {Reflect rPois Will+ Str-5 Dex+9 SH+5}
   (You found it on level 6 of the Dungeon)

   [amulet of reflection]

   It shields you and reflects attacks.
   It affects your strength (-5).
   It affects your dexterity (+9).
   It protects you from poison.
   It affects your willpower, your defense against some magical effects.
   It affects your SH (+5).
   It has a curse placed upon it.
Wands
 u - a wand of mindburst (3)
 w - a wand of iceblast (9)
 L - a wand of polymorph (17)
 M - a wand of digging (5)
Scrolls
 g - 3 scrolls of fog
 l - a scroll of immolation
 r - 3 scrolls of remove curse
 x - a scroll of amnesia
 B - a scroll of silence
 C - 4 scrolls of identify
 D - 2 scrolls of magic mapping
 G - 5 scrolls of teleportation
Potions
 b - 3 potions of might
 e - 2 potions of mutation
 f - 2 potions of curing
 i - 7 potions of brilliance
 j - 2 potions of resistance
 n - 2 potions of cancellation
 o - 5 potions of flight
 p - 3 potions of lignification
 z - a potion of invisibility
 A - 5 potions of berserk rage
 H - a potion of haste
 Q - a potion of attraction {unknown}


   Skills:
 + Level 5.6 Fighting
 - Level 6.9(11.0) Short Blades
 + Level 8.9(11.5) Dodging
 - Level 8.2(10.8) Stealth
 - Level 5.7(8.4) Shields
 + Level 14.2 Spellcasting
 + Level 8.5(12.4) Conjurations
 - Level 1.1(3.4) Hexes
 - Level 6.7(10.8) Summonings
 - Level 0.7(2.6) Necromancy
 - Level 2.4(5.6) Translocations
 - Level 0.7(2.6) Transmutations
 - Level 1.0(3.2) Fire Magic
 - Level 1.0(3.2) Ice Magic
 - Level 2.5(5.7) Air Magic
 - Level 0.6(2.4) Earth Magic
 - Level 2.8(6.1) Poison Magic
 - Level 6.0(10.1) Evocations


You had 12 spell levels left.
You knew the following spells:

 Your Spells              Type           Power        Failure   Level
a - Magic Dart            Conj           100%         1%          1
b - Call Imp              Summ           64%          1%          2
c - Blink                 Tloc           N/A          1%          2
d - Mephitic Cloud        Conj/Pois/Air  55%          1%          3
e - Slow                  Hex            35%          1%          2
f - Conjure Flame         Conj/Fire      54%          1%          3
g - Summon Ice Beast      Ice/Summ       52%          1%          4
h - Frozen Ramparts       Ice            68%          2%          3
i - Iskenderun's Mystic   Conj/Tloc      58%          1%          4
j - Hailstorm             Conj/Ice       54%          1%          4

Your spell library contained the following spells:

 Spells                   Type           Power        Failure   Level
 Animate Skeleton         Necr           62%          1%          1
 Apportation              Tloc           92%          1%          1
 Beastly Appendage        Tmut           62%          1%          1
 Corona                   Hex            38%          1%          1
 Freeze                   Ice            100%         1%          1
 Shock                    Conj/Air       100%         1%          1
 Summon Small Mammal      Summ           100%         1%          1
 Searing Ray              Conj           100%         1%          2
 Swiftness                Air            46%          1%          2
 Wereblood                Tmut           31%          1%          2
 Dazzling Flash           Conj/Hex       100%         1%          3
 Gell's Gravitas          Tloc           23%          1%          3
 Spider Form              Tmut/Pois      19%          1%          3
 Static Discharge         Conj/Air       59%          1%          3
 Fulminant Prism          Conj/Hex       27%          1%          4
 Lightning Bolt           Conj/Air       29%          1%          5
 Confusing Touch          Hex            35%          2%          3
 Ozocubu's Armour         Ice            34%          2%          3
 Airstrike                Air            23%          3%          4
 Ice Form                 Ice/Tmut       32%          10%         4
 Petrify                  Tmut/Erth      30%          11%         4
 Metabolic Englaciation   Hex/Ice        17%          22%         5
 Yara's Violent Unravell  Hex/Tmut       16%          26%         5
 Blade Hands              Tmut           15%          30%         5


Dungeon Overview and Level Annotations

Branches:
Dungeon (10/15)            Temple (0/1) D:6            Lair (5/6) D:10
 Shoals (0/4) Lair:3       Spider (0/4) Lair:3        Sewer (visited)
Volcano (visited)
  Slime: Lair:5-6       Orc: D:9-12

Altars:
Ashenzari
Fedhas
Kikubaaqudgha
Okawaru
Sif Muna
Vehumet
The Shining One


Innate Abilities, Weirdness & Mutations

You are very small and have problems with some larger weapons.
You are too small for most types of armour.
You have supernaturally acute eyesight. (SInv)
You cover ground extremely quickly.


Message History

Unknown command.
Casting: Iskenderun's Mystic Blast (dangerous; 1% risk of failure)
Confirm with . or Enter, or press ? or * to list all spells.
You erupt in a blast of force!
The mystic blast hits the steam dragon.
The steam dragon is almost dead.
The steam dragon is knocked back by the mystic blast.
The steam dragon slams into the rock wall!
You kill the steam dragon!
The +0 steam dragon scales are intact enough to wear.
You are engulfed in a cloud of scalding steam.
* * * LOW HITPOINT WARNING * * *
You hear an angry hiss.
Unknown command.
Your frozen ramparts will break if you move.
Continue?
The frozen ramparts melt away as you move.
You are engulfed in a cloud of scalding steam.
* * * LOW HITPOINT WARNING * * *
The steam dragon breathes steam at you. The ball of steam hits you!
You die...

##..####.......##*
#..[.###k......≈#
*
#....P#.#k......#
###....k....≈D.#*
#.....D......#
#............##
#§.§.#.#......#
##.§..#.#...#..#
#.#@§§##.{.###.#
####§§#.{......# *
#.§.[##..##...,,*
##..###(##* ... *
#..## #.#*,,*.P. *
#...**...* ***# ,*
##D#**$.#* * ,,
P..* *..** * ,
*#.#** , ,


You could see 3 rime drakes and a steam dragon.

Vanquished Creatures
  Rupert (Lair:4)
  Harold (D:10)
  3 hydras
  Erica (D:9)
  A catoblepas (Lair:2)
  An ogre mage (D:10)
  A centaur warrior (D:8)
  4 two-headed ogres
  6 death yaks (Lair:4)
  Sonja (Lair:3)
  A deep elf knight (D:10)
  2 orc knights (D:10)
  A wizard (D:10)
  4 ugly things (Volcano)
  An oklob plant (Lair:3)
  A manticore (Lair:3)
  An orc sorcerer (Volcano)
  4 elephants (Lair:3)
  A black mamba (Lair:4)
  A smoke demon (Volcano)
  6 cane toads
  A molten gargoyle (Volcano)
  Psyche (D:9)
  A rime drake (Lair:1)
  7 komodo dragons
  A wind drake (Lair:3)
  A polar bear (Lair:3)
  A hornet (D:9)
  Grinder (D:3)
  8 blink frogs
  2 redbacks (Lair:3)
  7 fire bats (Volcano)
  A shadow (D:8)
  24 yaks
  A wraith (D:10)
  2 wyverns
  A basilisk (Lair:3)
  2 steam dragons (Lair:5)
  4 water moccasins
  A hell hound (Volcano)
  2 sky beasts
  A black bear (Lair:3)
  2 orc warriors (D:7)
  A necrophage (D:7)
  An ice beast (D:9)
  9 ogres
  2 eyes of draining
  6 centaurs
  3 phantoms
  2 big kobolds
  14 bullfrogs
  A scorpion (D:5)
  20 killer bees
  10 wights
  2 electric eels (Lair:2)
  A howler monkey (D:4)
  8 lava snakes (Volcano)
  2 bullfrog zombies
  5 crimson imps (D:9)
  5 hounds
  A quasit (D:9)
  A centaur skeleton (D:4)
  4 orc priests
  5 jellies
  Jessica (D:2)
  4 iguanas
  8 orc wizards
  Natasha (twice) (D:3)
  11 worker ants
  A killer bee zombie (D:9)
  Robin (D:3)
  3 adders
  3 gnolls (D:2)
  3 shadow imps
  4 white imps (D:9)
  7 ufetubi
  An ooze (D:2)
  4 worms
  A dart slug (D:3)
  4 leopard geckos
  40 orcs
  3 bats
  2 giant cockroaches
  11 goblins
  4 hobgoblins
  8 jackals
  A quokka (D:6)
  3 ball pythons
  4 frilled lizards
  12 kobolds
  A quokka skeleton (D:8)
  14 rats
379 creatures vanquished.

Vanquished Creatures (collateral kills)
  A hydra (Lair:2)
  A yak (Lair:1)
  A water moccasin (Lair:1)
  A killer bee (D:8)
  A wight (D:6)
  A gnoll (D:2)
  A worm (D:1)
7 creatures vanquished.

Vanquished Creatures (others)
  25 fungi
  51 plants
76 creatures vanquished.

Grand Total: 462 creatures vanquished

Notes
Turn   | Place    | Note
-------+----------+-------------------------------------------
     0 | D:1      | tsouns the Spriggan Hedge Wizard began the quest for the
                  | Orb.
     0 | D:1      | Reached XP level 1. HP: 9/9 MP: 6/6
   463 | D:1      | Found a broken altar of Ashenzari.
   517 | D:1      | Became a worshipper of Ashenzari the Shackled
   983 | D:2      | Noticed Jessica
   994 | D:2      | Found a radiant altar of Vehumet.
  1110 | D:2      | Killed Jessica
  1111 | D:2      | Reached skill level 5 in Spellcasting
  1111 | D:2      | Reached skill level 1 in Conjurations
  1111 | D:2      | Reached XP level 2. HP: 12/13 MP: 0/9
  1111 | D:2      | Reached XP level 3. HP: 14/16 MP: 0/10
  1115 | D:2      | Learned a level 2 spell: Call Imp
  1118 | D:2      | Learned a level 2 spell: Blink
  1122 | D:2      | Learned a level 3 spell: Mephitic Cloud
  1125 | D:2      | Learned a level 2 spell: Slow
  2427 | D:2      | Reached XP level 4. HP: 21/21 MP: 0/12
  2819 | D:3      | Noticed Grinder
  2881 | D:3      | Learned a level 3 spell: Conjure Flame
  2930 | D:3      | Noticed Natasha
  2950 | D:3      | Reached skill level 1 in Air Magic
  2950 | D:3      | Reached skill level 1 in Poison Magic
  3073 | D:3      | Killed Natasha
  3074 | D:3      | Reached XP level 5. HP: 24/24 MP: 7/14
  3540 | D:3      | Noticed Natasha
  3557 | D:3      | Killed Natasha
  3558 | D:3      | Reached skill level 6 in Spellcasting
  3724 | D:3      | Killed Grinder
  3725 | D:3      | Reached XP level 6. HP: 28/28 MP: 1/16
  4012 | D:3      | Noticed Robin
  4036 | D:3      | Killed Robin
  4125 | D:3      | Reached * piety under Ashenzari
  4191 | D:3      | Found a glowing golden altar of the Shining One.
  4191 | D:3      | Found an ancient bone altar of Kikubaaqudgha.
  4626 | D:4      | Reached skill level 7 in Spellcasting
  4646 | D:4      | Found a glowing drain.
  4766 | Sewer    | Entered a sewer
  5014 | Sewer    | Reached XP level 7. HP: 10/32 MP: 4/18
  5268 | Sewer    | Found a white marble altar of Elyvilon.
  5529 | D:5      | Entered Level 5 of the Dungeon
  5699 | D:4      | Reached skill level 1 in Fighting
  6062 | D:5      | Found a blossoming altar of Fedhas.
  6081 | D:5      | Reached skill level 8 in Spellcasting
  6606 | D:6      | Reached XP level 8. HP: 39/39 MP: 11/21
  6933 | D:6      | Found an iron altar of Okawaru.
  7073 | D:6      | Reached skill level 9 in Spellcasting
  7219 | D:6      | Found a staircase to the Ecumenical Temple.
  7220 | D:6      | Identified the amulet "Xuifu" {Reflect rPois Will+ Str-5
                  | Dex+9 SH+5}
  7630 | D:7      | Learned a level 4 spell: Summon Ice Beast
  7634 | D:7      | Learned a level 3 spell: Frozen Ramparts
  7679 | D:7      | Reached skill level 1 in Summonings
  7688 | D:7      | Reached skill level 1 in Shields
  8811 | D:7      | Reached ** piety under Ashenzari
  9083 | D:7      | Reached XP level 9. HP: 42/43 MP: 14/23
  9298 | D:8      | Reached skill level 10 in Spellcasting
 10200 | D:8      | Noticed a centaur warrior
 10275 | D:8      | Killed a centaur warrior
 10276 | D:8      | Reached skill level 5 in Conjurations
 10664 | D:8      | Reached XP level 10. HP: 47/47 MP: 4/25
 10836 | D:8      | Reached skill level 11 in Spellcasting
 11136 | D:9      | Noticed a two-headed ogre
 11240 | D:9      | Reached skill level 1 in Short Blades
 11301 | D:9      | Killed a two-headed ogre
 12062 | D:9      | Noticed Psyche
 12072 | D:9      | Killed Psyche
 12073 | D:9      | Reached skill level 5 in Summonings
 12103 | D:9      | Noticed Erica
 12123 | D:9      | Killed Erica
 12168 | D:9      | Upgraded the game from 0.27-a0-223-ge082b6e869 to
                  | 0.27-a0-242-ge0fc76b88b
 12642 | D:9      | Reached XP level 11. HP: 51/51 MP: 19/27
 12930 | D:10     | Entered Level 10 of the Dungeon
 13220 | D:10     | Reached skill level 5 in Shields
 13722 | D:10     | Identified a ring of Twilight {rN++ Will+ Str+6 Int+5}
 13727 | D:10     | Identified the cursed +0 leather armour of Immorality
                  | {+Blink rC++ Int-2}
 13889 | D:10     | Reached skill level 12 in Spellcasting
 14023 | D:10     | Found a staircase to the Lair.
 14307 | D:10     | Noticed a deep elf knight
 14322 | D:10     | Killed a deep elf knight
 14358 | D:10     | Noticed an orc knight
 14524 | D:10     | Killed an orc knight
 14525 | D:10     | Reached skill level 5 in Short Blades
 14613 | D:10     | Noticed Harold
 14614 | D:10     | Noticed an orc knight
 14617 | D:10     | Noticed a +3 great sword
 14624 | D:10     | Killed Harold
 14640 | D:10     | Noticed a wizard
 14641 | D:10     | Killed an orc knight
 14777 | D:10     | Killed a wizard
 15122 | D:10     | Noticed a two-headed ogre
 15124 | D:10     | Noticed an ogre mage
 15125 | D:10     | Noticed a two-headed ogre
 15136 | D:10     | Killed a two-headed ogre
 15140 | D:10     | Killed a two-headed ogre
 15141 | D:10     | Noticed a two-headed ogre
 15146 | D:10     | Killed an ogre mage
 15154 | D:10     | Killed a two-headed ogre
 15479 | Lair:1   | Entered Level 1 of the Lair of Beasts
 15803 | Lair:1   | Reached XP level 12. HP: 44/56 MP: 14/29
 16112 | Lair:1   | Reached skill level 1 in Hexes
 16254 | Lair:1   | Reached *** piety under Ashenzari
 16644 | Lair:2   | Found a shimmering blue altar of Sif Muna.
 16657 | Lair:2   | Noticed a four-headed hydra
 16676 | Lair:2   | Killed a four-headed hydra
 16677 | Lair:2   | Reached skill level 1 in Evocations
 16822 | Lair:2   | Noticed an eight-headed hydra
 16836 | Lair:2   | Killed an eight-headed hydra
 16858 | Lair:2   | Reached skill level 1 in Fire Magic
 16858 | Lair:2   | Reached skill level 1 in Ice Magic
 16863 | Lair:2   | Learned a level 4 spell: Iskenderun's Mystic Blast
 16868 | Lair:2   | Learned a level 4 spell: Hailstorm
 16972 | Lair:2   | Noticed an eight-headed hydra
 16982 | Lair:2   | Killed an eight-headed hydra
 17634 | Lair:2   | Noticed a catoblepas
 17646 | Lair:2   | Killed a catoblepas
 17647 | Lair:2   | Reached skill level 13 in Spellcasting
 18038 | Lair:2   | Reached **** piety under Ashenzari
 18297 | Lair:3   | Found a staircase to the Shoals.
 18300 | Lair:3   | Reached skill level 5 in Stealth
 18379 | Lair:3   | Noticed Sonja
 18386 | Lair:3   | Found a dark tunnel.
 18403 | Lair:3   | Reached skill level 5 in Dodging
 18418 | Lair:3   | Killed Sonja
 18546 | Volcano  | Entered a volcano
 18872 | Volcano  | Found a burning altar of Makhleb.
 19084 | Lair:3   | Found a hole to the Spider Nest.
 19103 | Lair:3   | Reached XP level 13. HP: 61/61 MP: 2/31
 19275 | Lair:3   | Reached skill level 5 in Evocations
 21136 | Lair:4   | Reached skill level 5 in Fighting
 21323 | Lair:4   | Reached skill level 14 in Spellcasting
 21566 | Lair:4   | Reached ***** piety under Ashenzari
 21603 | Lair:4   | Noticed Rupert
 21652 | Lair:4   | Killed Rupert
 22235 | Lair:4   | Identified the +9 flail "Beast's Peril" {holy, +Blink Str+4
                  | Dex-5}
 22463 | Lair:5   | Killed from afar by a steam dragon

Illustrated notes

Levels and vault maps discovered:
D:1:      lemuel_arrival_tunnels, layout_loops_corners,
          nicolae_ashenzari_panopticon
D:2:      layout_basic, vehumet_crystals, minmay_increasing_density,
          uniq_jessica
D:3:      layout_basic, amethyst_overflow_temple_binary, uniq_natasha,
          uniq_robin, uniq_grinder
D:4:      layout_rooms, portal_sewer_entry_c, st_stairs_4
D:5:      layout_gridville, lemuel_round_altar, grunt_decor_arrowhead
D:6:      layout_basic, minmay_temple_entry_glass, minmay_tree_intersection,
          okawaru_trees_1
D:7:      layout_cave_pods
D:8:      minmay_bloctagon_deflated, layout_rooms, serial_glass,
          glass_columns_b, glass_columns_a, minmay_strange_pillars,
          item_on_display_a, due_unseen_surprise, minmay_strange_pillars
D:9:      layout_loops_ring, minmay_nine_imps, uniq_erica, uniq_psyche
D:10:     layout_loops_corners, david_lair_shrubbed, serial_rivers,
          chequers_serial_rivers_micro_a, chequers_serial_rivers_room_b,
          chequers_serial_rivers_micro_d, chequers_serial_rivers_micro_a,
          chequers_serial_rivers_micro_e, sword_in_stone
Lair:1:   layout_loops_ring, infiniplex_staircase_pool
Lair:2:   layout_regular_city, basic_altar, beast_lair_carwin_9,
          grunt_megastairs_5, serial_bayou_shore_a, lemuel_fruit_fields,
          lemuel_fruit_tree
Lair:3:   layout_cave_pods, minmay_shoals_entry_beasts, spider_nest_entry_webs,
          nicolae_volcano_entry_lava_flow, minmay_lair_oklob_chamber, uniq_sonja
Lair:4:   layout_cave_pods, uniq_rupert
Lair:5:   layout_loops_ring, st_stairs_6, bobbens_dragon_lair_wall

Skill      XL: |  1  2  3  4  5  6  7  8  9 10 11 12 13 |
---------------+----------------------------------------+-----
Spellcasting   | 5 6 7 8 9 10 11 12 13 14 | 14.2
Conjurations   | 1 2 3 4 5 6 7 8 |  8.5
Air Magic      | 1 2 |  2.5
Poison Magic   | 1 2 |  2.8
Fighting       | 2 4 5 |  5.6
Summonings     | 2 4 5 6 |  6.7
Shields        | 2 3 4 5 |  5.7
Short Blades   | 4 6 |  6.9
Hexes          | 1 |  1.1
Translocations | 2 |  2.4
Evocations     | 4 6 |  6.0
Fire Magic     | 1 |  1.0
Ice Magic      | 1 |  1.0
Dodging        | 6 8 |  8.9
Stealth        | 6 8 |  8.2
Necromancy     | |  0.7
Transmutations | |  0.7
Earth Magic    | |  0.6

Action                   |  1- 3 |  4- 6 |  7- 9 | 10-12 | 13-15 || total
-------------------------+-------+-------+-------+-------+-------++-------
Melee: Dagger            |    12 |    40 |       |   273 |    70 ||   395
       Falchion          |       |    42 |    95 |       |       ||   137
       Long sword        |       |       |    54 |       |       ||    54
Throw: Dart              |       |       |       |     2 |    10 ||    12
 Cast: Magic Dart        |    92 |   141 |   326 |   440 |     7 ||  1006
       Call Imp          |     3 |     9 |     7 |       |       ||    19
       Mephitic Cloud    |       |     8 |    34 |    54 |     8 ||   104
       Conjure Flame     |       |       |     3 |     3 |       ||     6
       Slow              |       |       |     1 |       |       ||     1
       Frozen Ramparts   |       |       |     1 |    43 |    11 ||    55
       Blink             |       |       |       |     2 |       ||     2
       Summon Ice Beast  |       |       |       |     7 |     2 ||     9
       Hailstorm         |       |       |       |    27 |    48 ||    75
       Iskenderun's Myst |       |       |       |    11 |    28 ||    39
Invok: Curse Item        |       |     2 |     1 |     3 |       ||     6
Evoke: Wand              |       |       |     6 |    20 |     5 ||    31
  Use: Scroll            |       |     9 |    11 |     8 |     2 ||    30
       Potion            |       |       |       |     6 |     4 ||    10
 Stab: Confused          |       |     7 |    32 |    31 |     2 ||    72
       Distracted        |       |     1 |     1 |     1 |       ||     3
       Sleeping          |       |     2 |       |     7 |     4 ||    13
Armor: Robe              |     2 |     5 |       |       |       ||     7
       Animal skin       |       |     7 |    12 |    16 |       ||    35
Dodge: Dodged            |    36 |    82 |   150 |   124 |    27 ||   419
Block: Buckler           |       |       |    79 |   171 |    22 ||   272
       Other             |       |       |     2 |       |       ||     2
       Reflection        |       |       |     1 |     6 |       ||     7
       Rpst.: Falchion   |       |    17 |    27 |       |       ||    44
       Long sword        |       |       |    19 |       |       ||    19

Table legend: (Time is in decaauts)
 A = Elapsed time spent in this place.
 B = Non-inter-level travel time spent in this place.
 C = Inter-level travel time spent in this place.
 D = Time resting spent in this place.
 E = Time spent auto-exploring this place.
 F = Levels seen in this place.
 G = Mean time per level.
                   A        B        C        D        E       F      G
               +--------+--------+--------+--------+--------+-----+--------+
         Total |  18487 |  18111 |    376 |    207 |  14327 |  17 | 1087.5 |
       Dungeon |  12431 |  12129 |    302 |     88 |   9399 |  10 | 1243.1 |
          Lair |   5125 |   5051 |     74 |    119 |   4274 |   5 | 1025.0 |
         Sewer |    528 |    528 |      0 |      0 |    433 |   1 |  528.0 |
       Volcano |    401 |    401 |      0 |      0 |    219 |   1 |  401.0 |
               +--------+--------+--------+--------+--------+-----+--------+

Top non-repeatable levels by time:
    D:10: 2025 daAuts
     D:9: 1732 daAuts
     D:7: 1650 daAuts
     D:2: 1600 daAuts
  Lair:3: 1513 daAuts
  Lair:2: 1453 daAuts
  Lair:4: 1230 daAuts
     D:8: 1169 daAuts
     D:1: 1067 daAuts
     D:6: 941 daAuts
     D:4: 891 daAuts
  Lair:1: 862 daAuts
     D:3: 861 daAuts
   Sewer: 528 daAuts
     D:5: 491 daAuts
